 Dungeon Crawl Stone Soup version 0.29.1-15-g9cfb28693d (webtiles) character file.

Game seed: 9181416078765586194

224 javelincjr the Magician (level 5, -4/39 HPs)
             Began as a Demonspawn Hedge Wizard on Apr 3, 2023.
             Was a Follower of Wu Jian.
             Slain by a mummy (14 damage)
             ... in an ossuary.
             The game lasted 00:13:01 (3998 turns).

javelincjr the Magician (Demonspawn Hedge Wizard)   Turns: 3998, Time: 00:13:01

Health: -4/39      AC:  3    Str: 12    XL:     5   Next: 67%
Magic:  10/10      EV: 12    Int: 15    God:    Wu Jian [*.....]
Gold:   142        SH:  4    Dex: 13    Spells: 7/11 levels left

rFire   . . .      SeeInvis .   m - +1 short sword (drain)
rCold   . . .      Faith    .   (no shield)
rNeg    . . .      Spirit   .   b - +0 robe
rPois   .          Reflect  .   c - +0 hat
rElec   .          Harm     .   (no cloak)
rCorr   .          Rampage  .   (no gloves)
Will    .....                   A - +0 pair of boots
Stlth   ++........              (no amulet)
HPRegen 0.13/turn               (no ring)
MPRegen 0.12/turn               (no ring)

@: no status effects
A: powered by death 1, condensation shield, demonic touch 1
a: Renounce Religion


You were in an ossuary.
You worshipped Wu Jian.
Wu Jian was aware of your devotion.
You visited 1 branch of the dungeon, and saw 4 of its levels.
You also visited: Ossuary.

You collected 241 gold pieces.
You spent 99 gold pieces at shops.

Inventory:

Hand Weapons
 a - a +0 dagger
 e - a +0 hand axe
 m - a +1 short sword of draining (weapon)
Missiles
 v - 6 poisoned darts
Armour
 b - a +0 robe (worn)
 c - a +0 hat (worn)
 A - a +0 pair of boots (worn)
Jewellery
 t - a ring of protection from fire
 x - a ring of ice
Scrolls
 f - a scroll of poison {unknown}
 g - a scroll of enchant armour {unknown}
 h - 2 scrolls of blinking {unknown}
 i - a scroll of magic mapping {unknown}
 j - 2 scrolls of teleportation {unknown}
 n - 6 scrolls of identify {unknown}
 p - a scroll of immolation {unknown}
 q - a scroll of enchant weapon {unknown}
 s - 2 scrolls of noise {unknown}
 u - a scroll of fog {unknown}
 y - a scroll of brand weapon {unknown}
 B - a scroll of vulnerability {unknown}
 C - a scroll of fear {unknown}
Potions
 d - a potion of magic
 k - 5 potions of curing {unknown}
 l - 2 potions of might {unknown}
 o - a potion of mutation {unknown}
 r - 2 potions of invisibility {unknown}
 w - a potion of degeneration {unknown}
 z - a potion of heal wounds {unknown}


   Skills:
 * Level 2.4 Fighting
 + Level 1.3 Armour
 + Level 2.5 Dodging
 - Level 1.7 Stealth
 * Level 3.8 Spellcasting
 + Level 1.9 Conjurations
 + Level 2.0 Summonings
 + Level 1.7 Translocations


You had 7 spell levels left.
You knew the following spells:

 Your Spells              Type           Power      Damage    Failure   Level
a - Magic Dart            Conj           32%        1d4       9%          1
b - Searing Ray           Conj           16%        2d5       13%         2
c - Slow                  Hex            8%         N/A       19%         1

Your spell library contained the following spells:

 Spells                   Type           Power      Damage    Failure   Level
 Call Imp                 Summ           8%         N/A       12%         2
 Blink                    Tloc           16%        N/A       14%         2
 Sting                    Tmut/Pois      8%         1d3       19%         1
 Passwall                 Tmut/Erth      1%         N/A       28%         2
 Poisonous Vapours        Pois/Air       4%         N/A       28%         2
 Wereblood                Tmut           2%         N/A       28%         2
 Conjure Flame            Conj/Fire      5%         6-21      36%         3
 Mephitic Cloud           Conj/Pois/Air  4%         N/A       38%         3
 Inner Flame              Hex/Fire       2%         N/A       50%         3
 Cause Fear               Hex            1%         N/A       88%         4
 Olgreb's Toxic Radiance  Pois           2%         N/A       88%         4
 Discord                  Hex            1%         N/A       100%        8


Dungeon Overview and Level Annotations

Branches:
Dungeon (4/15)            Ossuary (1/1)
 Temple: D:4-7

Altars:
Fedhas
Nemelex Xobeh
Wu Jian
Yredelemnul

Shops:
D:2 *


Innate Abilities, Weirdness & Mutations

You regenerate a little health from kills.
A meltable shield of frost defends you. (SH +4)
Your touch may inflict minor irresistible damage on your foes.


Message History

You spin and attack the mummy.
You hit the mummy but do no damage. The mummy closely misses you.
You spin and attack the mummy.
You hit the mummy.
The mummy is lightly damaged.
You spin and attack the mummy.
You hit the mummy but do no damage.
You touch the mummy!
The mummy is heavily damaged.
The mummy hits you.
You spin and attack the mummy.
You hit the mummy.
The mummy is severely damaged.
As you open the door, it creaks loudly!
A mummy comes into view.
The mummy misses you.
The mummy moves out of view.
Found a scroll labelled ZOAMETSO BOISS.
You spin and attack the mummy.
You hit the mummy.
The mummy is almost destroyed.
The mummy hits you!
You spin and attack the mummy.
You hit the mummy.
You destroy the mummy!
The Council accepts your kill.
Your Summonings skill increases to level 2!
You spin and attack the mummy.
You hit the mummy but do no damage.
You touch the mummy!
The mummy is heavily damaged.
The mummy barely misses you.
You spin and attack the mummy.
You hit the mummy.
The mummy is heavily damaged.
You spin and attack the mummy.
You completely miss the mummy.
The mummy is heavily damaged.
The mummy closely misses you.
You spin and attack the mummy.
You hit the mummy.
The mummy is severely damaged.
You spin and attack the mummy.
You hit the mummy.
The mummy is severely damaged.
The mummy hits you!
* * * LOW HITPOINT WARNING * * *
You hit the mummy.
The mummy is almost destroyed.
The mummy hits you!
You die...

##+## #...#
### ##+##
+.?.+
#∩###...#
## ...#
#..'....+
#!##M#
#∩###...#
#'.@# ###
##'##
##..+# #.#
##..## #.##
#..##
#..####'##
##..##...##
##.'.....+
####...##
##+##


You could see a mummy.

Vanquished Creatures
  A bullfrog (D:3)
  An iguana (D:4)
  2 mummies (Ossuary)
  5 adders
  A worm (D:3)
  2 orcs (D:4)
  3 endoplasms
  3 giant cockroaches
  8 hobgoblins
  2 jackals (D:1)
  7 kobolds
  3 quokkas
  4 ball pythons
  A bat (D:3)
  5 frilled lizards
  5 goblins
  A goblin skeleton (Ossuary)
  2 orc skeletons (Ossuary)
  6 rats
62 creatures vanquished.

Notes
Turn   | Place    | Note
-------+----------+-------------------------------------------
     0 | D:1      | javelincjr the Demonspawn Hedge Wizard began the quest for
                  | the Orb.
     0 | D:1      | Reached XP level 1. HP: 13/13 MP: 4/4
   298 | D:1      | Reached skill level 1 in Translocations
   487 | D:1      | Gained mutation: Your touch may inflict minor irresistible
                  | damage on your foes. [demonic ancestry]
   487 | D:1      | Reached XP level 2. HP: 20/20 MP: 3/6
  1354 | D:2      | Found Kyptophe's Assorted Antiques.
  1370 | D:2      | Reached skill level 1 in Fighting
  1370 | D:2      | Gained mutation: You regenerate a little health from kills.
                  | [demonic ancestry]
  1370 | D:2      | Reached XP level 3. HP: 26/26 MP: 1/7
  1449 | D:2      | Bought a cyan potion for 18 gold pieces
  1449 | D:2      | Bought a scroll labelled FUASCH QIOXI for 21 gold pieces
  1449 | D:2      | Bought a metallic dark potion for 18 gold pieces
  1449 | D:2      | Bought a scroll labelled FUASCH QIOXI for 21 gold pieces
  1449 | D:2      | Bought a scroll labelled FIMECE PIYWKE for 21 gold pieces
  1828 | D:2      | Found a faded altar of an unknown god.
  1852 | D:2      | Prayed at the altar of an unknown god.
  1852 | D:2      | Became a worshipper of the Wu Jian Council
  1852 | D:2      | Reached * piety under Wu Jian
  2327 | D:3      | Noticed a bullfrog
  2333 | D:3      | Killed a bullfrog
  2334 | D:3      | Reached skill level 1 in Armour
  2334 | D:3      | Gained mutation: A meltable shield of frost defends you.
                  | (SH +4) [demonic ancestry]
  2334 | D:3      | Reached XP level 4. HP: 33/33 MP: 3/9
  2395 | D:3      | Found a blossoming altar of Fedhas.
  2399 | D:3      | Found a basalt altar of Yredelemnul.
  2971 | D:3      | Reached XP level 5. HP: 37/38 MP: 8/10
  3459 | D:4      | Identified a scroll of acquirement
  3459 | D:4      | Acquired More Spellcasting
  3464 | D:4      | Learned a level 2 spell: Searing Ray
  3466 | D:4      | Learned a level 1 spell: Slow
  3543 | D:4      | Found a sparkling altar of Nemelex Xobeh.
  3722 | D:4      | Found a sand-covered staircase.
  3738 | Ossuary  | Entered an ossuary
  3998 | Ossuary  | Slain by a mummy

Illustrated notes

Levels and vault maps discovered:
D:1:      wander_arrival_lonely_grave, layout_basic
D:2:      layout_loops_ring, serial_rivers, chequers_serial_rivers_micro_a,
          chequers_serial_rivers_micro_a, chequers_serial_rivers_small_b,
          chequers_serial_rivers_micro_e, chequers_serial_rivers_small_3,
          hellmonk_ecumenical_altar_zigzags, serial_shops, nicolae_diamond_shop,
          minmay_door_square
D:3:      cheibrodos_helix_gallery, layout_basic, yredelemnul_altar_generic,
          fedhas_ov_isle_minmay
D:4:      layout_basic, nemelex_dance_club_becter, elyvilon_altar_1,
          lightli_ossuary_entry_decrepit_ruins, minmay_misc_feat_chi,
          kennysheep_generic_room_12
Ossuary:  ossuary_due_small_catacomb

Skill      XL: |  1  2  3  4  5 |
---------------+----------------+-----
Translocations | 1 |  1.7
Fighting       | 1 2 |  2.4
Dodging        | 2 |  2.5
Armour         | 1 |  1.3
Summonings     | 2 |  2.0
Stealth        | |  1.7
Spellcasting   | |  3.8
Conjurations   | |  1.9

Action                   |  1- 3 |  4- 6 || total
-------------------------+-------+-------++-------
Melee: Dagger            |    27 |       ||    27
       Punch             |     1 |     1 ||     2
       Touch             |     3 |    10 ||    13
       Short sword       |    20 |    67 ||    87
 Cast: Magic Dart        |    56 |    33 ||    89
Invok: Whirlwind         |    11 |    32 ||    43
       Lunge             |     1 |     3 ||     4
  Use: Scroll            |       |     1 ||     1
 Stab: Sleeping          |       |     3 ||     3
Armor: Robe              |     5 |     6 ||    11
Dodge: Dodged            |    36 |    18 ||    54
Block: Other             |       |     8 ||     8
